 Dungeon Crawl Stone Soup version 0.29.1-1-gd02db6906a (webtiles) character file.

Game seed: 4748536927191099037

54 hawla the Caller (level 3, -1/19 HPs)
             Began as a Deep Elf Wanderer on Oct 4, 2022.
             Hit by a stone thrown by a gnoll (2 damage)
             ... on level 2 of the Dungeon.
             The game lasted 00:09:07 (2840 turns).

hawla the Caller (Deep Elf Wanderer)                Turns: 2840, Time: 00:09:07

Health: -1/19      AC:  3    Str:  5    XL:     3   Next: 66%
Magic:  4/9        EV: 11    Int: 20    God:
Gold:   13         SH:  3    Dex: 16    Spells: 6/7 levels left

rFire   . . .      SeeInvis .   a - +0 dagger
rCold   . . .      Faith    .   e - +0 buckler
rNeg    . . .      Spirit   .   c - +0 robe
rPois   .          Reflect  .   (no helmet)
rElec   .          Harm     .   (no cloak)
rCorr   .          Rampage  .   (no gloves)
Will    .....                   d - +0 pair of boots
Stlth   ++........              (no amulet)
HPRegen 0.06/turn               (no ring)
MPRegen 0.11/turn               (no ring)

@: very slightly contaminated
A: no striking features
a: no special abilities


You were on level 2 of the Dungeon.
You visited 1 branch of the dungeon, and saw 2 of its levels.

You collected 13 gold pieces.

Inventory:

Hand Weapons
 a - a +0 dagger (weapon)
Armour
 c - a +0 robe (worn)
 d - a +0 pair of boots (worn)
 e - a +0 buckler (worn)
Potions
 b - a potion of brilliance


   Skills:
 + Level 0.2 Fighting
 + Level 1.2 Short Blades
 + Level 1.3 Dodging
 - Level 1.2 Stealth
 + Level 2.8 Spellcasting
 + Level 3.1 Hexes
 + Level 3.9 Summonings
 + Level 2.0 Invocations


You had 6 spell levels left.
You knew the following spells:

 Your Spells              Type           Power      Damage    Failure   Level
a - Summon Small Mammal   Summ           72%        N/A       4%          1

Your spell library contained the following spells:

 Spells                   Type           Power      Damage    Failure   Level
 Slow                     Hex            60%        N/A       5%          1
 Summon Guardian Golem    Hex/Summ       17%        N/A       14%         3
 Sandblast                Erth           4%         2d4       21%         1
 Passwall                 Tmut/Erth      1%         N/A       30%         2
 Stone Arrow              Conj/Erth      4%         3d7       52%         3
 Animate Armour           Summ/Erth      20%        N/A       65%         4
 Blade Hands              Tmut           1%         N/A       99%         5
 Irradiate                Conj/Tmut      1%         3d12      99%         5
 Dragon Form              Tmut           1%         N/A       100%        7


Dungeon Overview and Level Annotations

Branches:
Dungeon (2/15)

Altars:
Hepliaklqana

Annotations:
D:2 Jessica


Message History

Your bat closely misses the gnoll.
The gnoll hits you but does no damage.
A gnoll comes into view. It is wielding a +0 halberd.
Unknown command.
Your bat hits the gnoll. The gnoll misses your bat.
Casting: Summon Small Mammal (safe; 4% risk of failure)
Confirm with . or Enter, or press ? or * to list all spells.
Your bat hits the gnoll but does no damage.
The gnoll hits your rat with a +0 whip.
Your rat dies!
Your rat's corpse disappears in a puff of smoke!
Casting: Summon Small Mammal (safe; 4% risk of failure)
Confirm with . or Enter, or press ? or * to list all spells.
Your bat misses the gnoll.
Your bat closely misses the gnoll.
The gnoll throws a stone.
The stone barely misses you.
You strike the helpless gnoll from behind!
You hit the gnoll.
You kill the gnoll!
Your bat barely misses the gnoll.
The gnoll throws a stone.
The stone barely misses your bat. The stone closely misses you.
Casting: Summon Small Mammal (safe; 4% risk of failure)
Confirm with . or Enter, or press ? or * to list all spells.
Your bat disappears in a puff of smoke!
The gnoll throws a stone.
The stone closely misses your quokka. The stone hits you.
Your quokka closely misses the gnoll.
Casting: Summon Small Mammal (safe; 4% risk of failure)
Confirm with . or Enter, or press ? or * to list all spells.
You miscast Summon Small Mammal.
You are very lightly contaminated with residual magic.
Nothing appears to happen.
The gnoll hits you from afar with a +0 halberd.
* * * LOW HITPOINT WARNING * * *
Your quokka closely misses the gnoll.
Your quokka barely misses the gnoll.
Your quokka bites the gnoll.
The gnoll throws a stone.
The stone hits you.
* * * LOW HITPOINT WARNING * * *
Your quokka bites the gnoll but does no damage.
A gnoll comes into view. It is wielding a +0 spear.
The gnoll shouts!
Your quokka bites the gnoll.
The gnoll throws a stone.
The stone hits you.
You die...

#.# #.##.# . #.##.#
. #.##.##. .
#.##.#.# ...
#.##.#.#
.....##.##.#.#
.....'.rr..#.#.##..
.....##g...@......#
.... #####....##..
... #........ #'
....g....### .
.........#
.........#
.........#
.........#
.........#


You could see 2 gnolls and 2 friendly quokkas.

Vanquished Creatures
  2 gnolls (D:2)
  2 dart slugs (D:2)
  3 endoplasms
  3 goblins (D:1)
  2 hobgoblins (D:2)
  2 quokkas (D:1)
  2 ball pythons (D:2)
  A frilled lizard (D:1)
  2 kobolds (D:1)
  2 rats (D:1)
21 creatures vanquished.

Vanquished Creatures (collateral kills)
  A bat (D:1)
  3 endoplasms (D:1)
  3 hobgoblins
  A kobold (D:1)
  2 rats
10 creatures vanquished.

Vanquished Creatures (others)
  7 toadstools (D:2)
7 creatures vanquished.

Grand Total: 38 creatures vanquished

Notes
Turn   | Place    | Note
-------+----------+-------------------------------------------
     0 | D:1      | hawla the Deep Elf Wanderer began the quest for the Orb.
     0 | D:1      | hawla set off with the following items: a +0 dagger, a
                  | potion of brilliance, a +0 robe, a +0 pair of boots; and
                  | the following spells available to memorise: Summon Small
                  | Mammal, Slow, Summon Guardian Golem, Animate Armour.
     0 | D:1      | Reached XP level 1. HP: 10/10 MP: 5/5
     2 | D:1      | Learned a level 1 spell: Summon Small Mammal
   533 | D:1      | Reached XP level 2. HP: 13/15 MP: 0/7
  1484 | D:1      | Found a faded altar of an unknown god.
  1642 | D:2      | Noticed Jessica
  2279 | D:2      | Reached skill level 1 in Short Blades
  2279 | D:2      | Reached XP level 3. HP: 15/19 MP: 8/8
  2770 | D:2      | Found a hazy altar of Hepliaklqana.
  2840 | D:2      | Hit by a stone thrown by a gnoll

Illustrated notes

Levels and vault maps discovered:
D:1:      giann_horns, layout_basic, shapermc_ecumenical_altar_pompeii,
          st_stairs_10, patterned_corridor
D:2:      cheibrodos_fertilizer, layout_basic, basic_altar, minmay_octomino_j4,
          uniq_jessica

Skill      XL: |  1  2 |
---------------+-------+-----
Hexes          | 3 |  3.1
Spellcasting   | 2 |  2.8
Short Blades   | 1 |  1.2
Fighting       | |  0.2
Dodging        | |  1.3
Stealth        | |  1.2
Summonings     | |  3.9
Invocations    | |  2.0

Action                   || total
-------------------------++-------
Melee: Dagger            ||   107
 Cast: Summon Small Mamm ||    26
 Stab: Sleeping          ||     2
       Distracted        ||     1
Armor: Robe              ||    15
Dodge: Dodged            ||    62
Block: Buckler           ||    10
